Map: Sandstorm CE

Players

Warchild

  • Race: Terran Terran
  • Spawn Location: 11:00

skoddet

  • Race: Protoss Protoss
  • Spawn Location: 11:00

Timm

  • Race: Protoss Protoss
  • Spawn Location: 11:00

UncleSerj

  • Race: Terran Terran
  • Spawn Location: 3:00

Blondinka

  • Race: Terran Terran
  • Spawn Location: 5:00

Grin

  • Race: Protoss Protoss
  • Spawn Location: 5:00

VOD

Have the link to the VOD?

Description

Time

  • Played on: April 4, 2026, 1:49 p.m.
  • Length: 20:55
Show
View Real Time Build Order
Export as new Build Order

Warchild Terran 

Build Orders:  

Get SALT Encoding   

  12  0:01  SCV  
  13  0:13  SCV  
  14  0:28  Supply Depot  
  14  0:29  SCV  
  15  0:44  Refinery  
  15  0:49  SCV  
  16  0:57  Barracks  
  16  1:11  Barracks  
  16  1:14  SCV  
  17  1:58  Barracks  
  17  2:01  Marine x2  
  18  2:08  Orbital Command  
  19  2:13  Supply Depot  
  19  2:23  Marine x2  
  21  2:39  Engineering Bay  
  21  2:45  Marine  
  21  2:46  Marine  
  21  2:48  Marine  
  24  2:52  SCV  
  24  2:55  Command Center  
  25  3:01  Supply Depot  
  25  3:03  Marine  
  26  3:08  Marine  
  26  3:11  Marine  
  28  3:24  Terran Infantry Weapons Level 1  
  28  3:25  Supply Depot  
  28  3:34  Marine  
  29  3:44  Marine  
  29  3:46  Barracks Tech Lab  
  30  3:52  Marine  
  31  3:58  Missile Turret  
  31  3:59  SCV  
  31  4:01  Marine  
  33  4:07  Combat Shield  
  33  4:10  Marine  
  34  4:21  Marine x2  
  34  4:22  SCV  
  34  4:23  SCV  
  38  4:34  Marine  
  39  4:38  Marine  
  40  5:11  Marine  
  40  5:12  Marine x2  
  43  5:18  Orbital Command  
  43  5:24  Missile Turret  
  43  5:25  Missile Turret  
  43  5:29  Marine  
  43  5:32  Refinery  
  43  5:35  Marine x2  
  46  5:37  Factory  
  46  5:47  SCV x2  
  48  5:58  Stimpack  
  48  5:59  SCV x2  
  50  6:04  Terran Infantry Armor Level 1  
  50  6:11  SCV  
  50  6:12  SCV  
  52  6:21  Factory Tech Lab, Supply Depot  
  52  6:23  SCV  
  52  6:24  Starport  
  53  6:29  Marine x3  
  56  6:35  Refinery  
  56  6:38  Refinery, SCV x2  
  58  6:45  Siege Tank  
  61  6:47  Marine x2  
  61  6:50  SCV x2  
  61  6:53  Marine  
  66  7:01  Starport Reactor  
  66  7:02  SCV x2  
  68  7:22  Barracks Reactor  
  68  7:37  Medivac  
  68  7:40  Command Center  
  70  7:45  Supply Depot x2  
  70  7:49  Supply Depot  
  70  7:54  Armory  
  70  8:06  Viking, SCV x2  
  74  8:18  Medivac, SCV x2  
  74  8:19  Marine x4  
  82  8:29  Barracks  
  82  8:30  SCV x2  
  82  8:31  Barracks  
  84  8:36  Viking  
  84  8:37  Marine x2  
  84  8:40  Siege Tank  
  91  8:43  SCV  
  91  8:48  Medivac  
  94  8:53  Orbital Command  
  94  8:57  Terran Vehicle And Ship Armor Level 1  
  94  8:59  Terran Infantry Weapons Level 2  
  94  9:03  Marine x2  
  96  9:11  SCV x2  
  98  9:19  Barracks Reactor  
  98  9:21  Barracks Reactor  
  98  9:23  SCV  
  99  9:30  Siege Tank  
  102  9:31  Engineering Bay  
  102  9:35  Viking  
  102  9:37  Medivac  
  106  9:44  Supply Depot  
  106  9:45  Marine x3  
  107  9:46  Supply Depot  
  109  10:06  Marine x4, Medivac  
  115  10:10  Refinery  
  115  10:13  Refinery  
  115  10:18  Command Center  
  115  10:21  SCV x2  
  117  10:22  Marine  
  117  10:23  Marine x4  
  122  10:30  Supply Depot  
  122  10:31  Supply Depot  
  122  10:32  Terran Infantry Armor Level 2  
  122  10:39  Viking  
  122  10:40  Marine  
  125  10:51  Marine x6  
  125  10:52  Terran Vehicle Weapons Level 1  
  131  11:15  Terran Infantry Weapons Level 3  
  131  11:16  Marine  
  131  11:17  Marine x7  
  139  11:25  Supply Depot  
  139  11:34  Marine  
  139  11:35  Marine x4  
  144  11:43  Missile Turret  
  144  11:50  Marine x3  
  144  11:53  Siege Tank  
  150  12:05  Missile Turret  
  150  12:16  Drilling Claws  
  150  12:26  Widow Mine  
  150  12:28  Missile Turret  
  152  12:34  Marine  
  152  12:35  Marine x7  
  160  12:40  Planetary Fortress  
  160  12:47  Widow Mine  
  162  12:52  Marine  
  162  12:53  Marine  
  164  13:02  Supply Depot  
  164  13:05  Supply Depot  
  164  13:06  Supply Depot  
  164  13:09  Supply Depot  
  164  13:19  Marine x8  
  172  13:24  Widow Mine  
  174  13:37  Marine x8  
  182  13:46  Widow Mine  
  184  13:54  Marine x7  
  184  13:55  Marine  
  192  14:07  Siege Tank  
  187  14:12  Marine x8  
  153  14:30  Marine x8  
  102  14:48  Marine x4  
  89  15:06  Marine x4  
  84  15:24  Marine  
  76  15:41  Marine  
  31  15:59  Marine  
  27  16:12  SCV  
  28  16:24  SCV  
  27  16:33  Factory  
  27  16:38  Ghost Academy  
  27  16:39  Barracks  
  27  16:48  Ghost Academy  
  27  16:49  Ghost Academy  
  27  16:54  Ghost Academy  
  27  16:56  SCV, Barracks  
  4  18:56  Reaper  
  5  19:28  Reaper  
  5  20:00  Reaper  
Show
View Real Time Build Order
Export as new Build Order

skoddet Protoss 

Build Orders: Carriers 

Get SALT Encoding   

  1  0:00  Probe  
  12  0:06  Probe  
  14  0:16  Probe  
  15  0:36  Pylon  
  15  0:43  Assimilator  
  15  0:54  Probe  
  15  0:55  Gateway  
  15  0:57  Gateway  
  16  1:04  Probe  
  17  1:12  Probe  
  18  1:21  Probe  
  19  1:28  Gateway  
  19  1:33  Probe  
  20  1:43  Pylon  
  20  1:45  Probe  
  21  1:47  Assimilator  
  21  2:00  Cybernetics Core  
  21  2:06  Zealot  
  23  2:16  Probe  
  24  2:25  Zealot  
  24  2:27  Warp Gate  
  24  2:28  Probe  
  27  2:40  Probe  
  27  2:43  Twilight Council  
  28  2:45  Pylon  
  28  2:50  Zealot  
  30  2:53  Probe  
  31  3:01  Pylon  
  31  3:04  Probe  
  32  3:12  Probe  
  33  3:20  Probe  
  33  3:21  Zealot  
  33  3:22  Zealot  
  38  3:28  Charge  
  38  3:34  Probe  
  39  3:43  Zealot  
  41  4:05  Nexus  
  41  4:10  Probe  
  42  4:24  Forge  
  42  4:26  Probe  
  37  4:53  Pylon  
  37  4:59  Photon Cannon  
  37  5:00  Stargate  
  37  5:03  Probe  
  37  5:05  Photon Cannon  
  38  5:11  Probe  
  38  5:16  Assimilator  
  38  5:20  Assimilator  
  38  5:21  Probe  
  39  5:26  Pylon  
  40  5:32  Probe  
  40  5:33  Probe  
  42  5:38  Stalker  
  42  5:40  Sentry, Probe  
  46  5:44  Protoss Air Weapons Level 1  
  46  5:45  Probe  
  46  5:48  Probe  
  48  5:52  Stalker  
  51  6:03  Pylon  
  51  6:05  Probe  
  51  6:06  Probe  
  53  6:15  Stalker x2  
  53  6:17  Probe  
  53  6:18  Probe  
  63  6:30  Probe, Void Ray  
  64  6:39  Stargate  
  64  6:46  Robotics Facility  
  64  6:53  Pylon  
  64  6:54  Pylon  
  64  6:58  Photon Cannon  
  64  7:05  Stalker  
  64  7:07  Stalker  
  72  7:10  Probe  
  72  7:13  Void Ray  
  73  7:22  Protoss Shields Level 1  
  73  7:25  Nexus  
  73  7:33  Protoss Air Armor Level 1  
  73  7:34  Observer, Stargate  
  74  7:50  Stalker x3  
  80  8:00  Probe x2  
  82  8:09  Pylon  
  82  8:10  Assimilator  
  82  8:12  Observer, Probe  
  88  8:21  Void Ray  
  88  8:28  Fleet Beacon  
  88  8:30  Zealot  
  88  8:31  Zealot  
  88  8:34  Probe x2  
  94  8:42  Probe  
  95  8:50  Probe x2  
  95  8:52  Probe  
  95  8:54  Void Ray  
  102  9:02  Probe  
  107  9:07  Void Ray  
  107  9:12  Protoss Ground Weapons Level 1  
  107  9:14  Forge  
  107  9:16  Forge  
  107  9:24  Pylon  
  107  9:26  Pylon  
  107  9:28  Pylon  
  107  9:30  Cybernetics Core  
  107  9:41  Stalker  
  107  9:42  Stalker x2  
  107  9:44  Carrier  
  119  9:54  Probe  
  119  9:55  Probe x2  
  122  10:05  Assimilator  
  122  10:06  Probe  
  122  10:07  Probe x2, Void Ray  
  129  10:17  Flux Vanes  
  129  10:19  Probe  
  130  10:27  Protoss Air Armor Level 2  
  130  10:28  Protoss Ground Armor Level 1  
  130  10:32  Protoss Air Weapons Level 2  
  130  10:38  Protoss Shields Level 2  
  130  10:43  Carrier  
  130  10:46  Stalker x2  
  140  10:55  Nexus  
  140  10:57  Pylon  
  140  10:59  Pylon  
  140  11:01  Pylon  
  140  11:14  Blink  
  140  11:16  Robotics Bay  
  140  11:20  Photon Cannon  
  140  11:23  Photon Cannon  
  140  11:24  Shield Battery  
  141  11:25  Probe x2  
  141  11:26  Probe  
  141  11:29  Assimilator  
  141  11:32  Phoenix  
  145  11:38  Zealot x2  
  149  11:42  Probe x3  
  152  11:56  Protoss Ground Weapons Level 2  
  152  12:03  Carrier  
  158  12:12  Probe, Carrier  
  164  12:20  Probe  
  165  12:24  Assimilator  
  164  12:30  Probe, Pylon  
  165  12:40  Protoss Ground Armor Level 2  
  165  12:42  Robotics Facility  
  165  12:44  Robotics Facility  
  165  12:48  Tempest  
  169  13:00  Probe  
  169  13:03  Colossus  
  176  13:06  Extended Thermal Lance  
  176  13:12  Probe  
  177  13:27  Nexus  
  177  13:33  Protoss Air Weapons Level 3  
  177  13:34  Protoss Air Armor Level 3  
  177  13:39  Carrier  
  183  13:44  Pylon  
  183  13:47  Immortal, Pylon  
  187  13:48  Pylon  
  187  14:07  Immortal  
  187  14:08  Immortal  
  193  14:26  Immortal  
  139  14:46  Gravitic Boosters  
  139  14:47  Immortal x2  
  111  14:55  Zealot x3  
  117  15:00  Tempest  
  117  15:05  Immortal  
  125  15:13  Stargate  
  125  15:16  Stargate  
  125  15:19  Stargate  
  125  15:23  Tempest x2  
  125  15:26  Immortal x2  
  141  15:41  Assimilator  
  141  15:42  Tempest  
  141  15:44  Immortal  
  147  15:52  Probe  
  148  16:00  Probe  
  148  16:04  Tempest  
  148  16:05  Immortal x2, Tempest  
  148  16:06  Tempest  
  148  16:10  Probe  
  165  16:13  Tempest, Assimilator  
  170  16:19  Tempest  
  174  16:25  Tempest  
  178  16:46  Tempest  
  178  16:54  Tempest  
  178  16:55  Tempest  
  178  16:56  Tempest  
  190  17:02  Tempest  
  190  17:08  Tempest  
  188  17:29  Tempest  
  184  17:37  Tempest  
  186  17:44  Carrier  
  157  18:00  Nexus  
  155  18:18  Void Ray x3  
  151  18:26  Void Ray  
  147  18:44  Pylon  
  147  18:45  Pylon  
  147  18:47  Pylon  
  145  18:59  Nexus  
  141  19:08  Assimilator  
  141  19:18  Void Ray  
  113  19:35  Void Ray  
  113  19:37  Void Ray  
  98  19:41  Stalker x2  
  98  19:42  Void Ray  
  85  19:51  Void Ray  
Show
View Real Time Build Order
Export as new Build Order

Timm Protoss 

Build Orders: Carriers 

Get SALT Encoding   

  1  0:00  Probe  
  12  0:07  Probe  
  14  0:25  Probe  
  15  0:30  Assimilator  
  15  0:31  Pylon  
  15  0:49  Probe  
  16  0:53  Gateway  
  16  1:02  Forge  
  16  1:14  Probe  
  16  1:15  Pylon  
  17  1:27  Probe  
  18  1:34  Gateway  
  18  1:39  Gateway  
  18  1:50  Cybernetics Core  
  18  1:57  Probe  
  19  2:09  Assimilator, Zealot  
  21  2:15  Probe  
  21  2:17  Protoss Ground Weapons Level 1  
  22  2:23  Zealot  
  22  2:28  Probe  
  25  2:32  Zealot  
  25  2:36  Zealot  
  27  2:40  Probe  
  30  3:07  Pylon  
  30  3:25  Zealot x3  
  36  3:50  Probe  
  36  3:55  Nexus  
  38  4:02  Probe  
  38  4:14  Probe  
  39  4:17  Assimilator  
  39  4:19  Protoss Ground Armor Level 1  
  39  4:23  Assimilator  
  39  4:31  Pylon  
  39  4:35  Pylon  
  39  4:46  Stalker x2  
  39  4:49  Probe  
  36  5:25  Probe  
  37  5:37  Probe  
  37  5:39  Stalker x2  
  42  5:49  Probe  
  43  5:50  Stargate  
  43  5:58  Photon Cannon  
  43  6:01  Probe  
  43  6:02  Stalker  
  43  6:03  Shield Battery  
  46  6:13  Probe  
  47  6:20  Protoss Air Weapons Level 1  
  47  6:25  Photon Cannon, Probe  
  48  6:32  Stargate  
  48  6:36  Stargate  
  48  6:37  Probe  
  49  6:42  Photon Cannon  
  49  6:49  Probe  
  50  7:01  Probe  
  50  7:04  Probe  
  52  7:13  Probe  
  61  7:16  Probe  
  61  7:20  Void Ray  
  61  7:21  Void Ray  
  62  7:26  Probe, Fleet Beacon  
  62  7:28  Probe  
  64  7:31  Pylon  
  64  7:40  Probe  
  65  7:49  Nexus  
  65  7:53  Probe  
  66  7:59  Probe  
  66  8:05  Probe  
  68  8:12  Probe  
  73  8:14  Void Ray  
  73  8:17  Probe  
  73  8:18  Tempest  
  78  8:23  Protoss Air Armor Level 1  
  78  8:34  Robotics Facility  
  78  8:39  Pylon  
  78  8:43  Pylon  
  78  8:57  Probe  
  78  8:59  Assimilator  
  78  9:00  Assimilator  
  78  9:02  Probe  
  80  9:04  Pylon  
  80  9:09  Probe  
  81  9:14  Probe  
  82  9:22  Probe  
  83  9:26  Probe  
  84  9:34  Probe  
  85  9:38  Probe  
  85  9:43  Probe  
  87  9:46  Probe  
  87  9:47  Tempest x2  
  87  9:48  Tempest  
  87  9:51  Probe  
  101  9:55  Observer, Probe  
  101  9:58  Probe  
  104  10:03  Probe  
  104  10:06  Stalker x2  
  105  10:07  Probe  
  105  10:10  Probe  
  105  10:13  Observer  
  112  10:17  Pylon  
  112  10:19  Probe  
  112  10:20  Protoss Air Weapons Level 2  
  113  10:22  Stargate  
  113  10:24  Pylon  
  113  10:30  Tempest  
  113  10:35  Probe  
  118  10:43  Pylon  
  118  10:47  Probe  
  118  10:49  Pylon  
  119  10:51  Carrier x2  
  131  10:59  Probe  
  132  11:04  Pylon  
  132  11:11  Probe  
  133  11:14  Protoss Shields Level 1  
  133  11:33  Twilight Council  
  133  11:36  Pylon  
  133  11:40  Unknown  
  133  11:42  Pylon  
  133  11:50  Carrier x2  
  133  11:52  Pylon  
  145  12:11  Observer  
  146  12:15  Flux Vanes  
  146  12:18  Tempest  
  154  12:30  Immortal  
  154  12:31  Nexus  
  154  12:36  Assimilator  
  154  12:42  Assimilator  
  154  12:43  Protoss Air Armor Level 2  
  154  12:47  Pylon  
  154  13:01  Tempest  
  158  13:07  Charge  
  158  13:09  Immortal  
  162  13:48  Observer  
  163  14:09  Carrier  
  141  14:16  Tempest x2  
  129  14:19  Carrier  
  71  14:52  Tempest x2  
  71  15:05  Photon Cannon  
  70  15:11  Shield Battery  
  15  16:32  Nexus  
  6  17:27  Forge  
  6  17:30  Gateway  
  6  18:29  Probe  
  7  18:35  Probe  
  6  18:47  Probe  
  3  18:59  Probe  
  4  19:12  Probe  
  5  19:24  Probe  
  6  19:27  Gateway  
  6  19:31  Pylon  
  6  19:35  Pylon  
  6  19:36  Probe  
  7  19:48  Probe  
  6  20:00  Probe  
  3  20:35  Nexus  
  3  20:40  Assimilator  
  3  20:44  Assimilator  
  3  20:47  Pylon  
  3  20:53  Pylon  
Show
View Real Time Build Order
Export as new Build Order

UncleSerj Terran 

Build Orders:  

Get SALT Encoding   

  12  0:10  Supply Depot  
  12  0:18  Refinery  
  12  0:34  Barracks  
  12  0:41  SCV  
  13  0:54  SCV  
  14  0:58  Supply Depot  
  14  1:06  SCV  
  15  1:18  SCV  
  16  1:30  SCV  
  17  1:40  Factory  
  17  1:41  Barracks Tech Lab  
  17  1:43  SCV  
  18  1:55  SCV  
  18  2:00  Refinery  
  19  2:07  SCV  
  20  2:20  SCV  
  21  2:33  SCV  
  21  2:35  Siege Tank  
  25  2:47  Orbital Command  
  25  2:59  Armory  
  25  3:15  Command Center  
  25  3:22  SCV  
  25  3:25  Widow Mine  
  29  3:34  SCV, Barracks Tech Lab  
  29  3:45  Armory  
  29  3:46  SCV  
  30  3:56  Supply Depot  
  30  4:03  Terran Vehicle Weapons Level 1  
  30  4:14  SCV  
  31  4:18  Thor  
  37  4:28  Refinery  
  37  4:29  Refinery  
  37  4:34  Supply Depot  
  37  4:35  Terran Vehicle And Ship Armor Level 1  
  34  5:17  Thor  
  40  5:28  Factory  
  40  5:32  Supply Depot  
  40  6:08  Orbital Command  
  40  6:10  Siege Tank  
  43  6:13  Thor  
  49  6:34  Terran Vehicle Weapons Level 2  
  49  6:41  SCV  
  50  6:53  SCV  
  51  7:03  Terran Vehicle And Ship Armor Level 2  
  51  7:06  SCV  
  52  7:12  SCV  
  53  7:18  SCV  
  54  7:24  SCV  
  54  7:27  Thor  
  61  7:30  SCV  
  61  7:36  SCV  
  63  7:40  Command Center, Supply Depot  
  63  7:41  Refinery  
  63  7:42  SCV  
  64  7:46  Barracks Tech Lab  
  64  7:48  SCV  
  65  8:00  SCV x2  
  65  8:02  Thor  
  65  8:04  Supply Depot  
  73  8:12  SCV  
  74  8:21  Supply Depot, Factory  
  74  8:25  Thor  
  74  8:26  Supply Depot  
  80  8:28  SCV x2  
  82  8:40  SCV x2  
  84  8:45  Thor  
  90  8:49  Supply Depot, Refinery  
  90  8:52  SCV x2, Supply Depot  
  92  9:08  Thor, Barracks Tech Lab  
  98  9:16  Terran Vehicle Weapons Level 3  
  98  9:19  Supply Depot  
  98  9:36  Orbital Command  
  98  9:39  Terran Vehicle And Ship Armor Level 3  
  98  9:41  Supply Depot  
  98  9:49  Thor  
  104  10:05  Supply Depot  
  104  10:10  Thor  
  104  10:12  Factory  
  104  10:13  SCV  
  104  10:14  SCV x2  
  113  10:21  Thor  
  113  10:25  SCV  
  113  10:26  SCV x2  
  113  10:27  Smart Servos, Supply Depot  
  122  10:38  SCV x3  
  122  10:41  Thor  
  131  10:50  Supply Depot  
  131  10:54  SCV x2  
  131  10:55  SCV  
  134  11:00  Thor  
  140  11:04  Thor  
  140  11:06  SCV  
  140  11:10  Supply Depot  
  147  11:16  Supply Depot  
  147  11:19  Thor  
  153  11:39  Supply Depot, Engineering Bay  
  153  11:41  Thor  
  159  12:14  Thor x3  
  177  12:25  Thor  
  183  12:52  Terran Ship Weapons Level 1  
  183  12:57  Thor, Missile Turret  
  189  12:59  Thor  
  195  13:16  Thor  
  195  13:17  Missile Turret  
  200  13:39  Missile Turret  
  200  14:00  Missile Turret  
  128  14:48  Thor x4  
  146  15:30  Thor x2  
  146  15:31  Thor x2  
  153  16:13  Thor  
  159  16:46  Thor  
  159  16:47  Thor x2  
  64  18:03  Thor x3  
  64  18:23  SCV  
  64  18:25  SCV x2  
  67  18:35  SCV  
  67  18:37  SCV  
  69  18:47  SCV  
  70  18:48  Thor  
  76  18:59  SCV  
  77  19:07  Thor  
  83  19:11  SCV  
  83  19:14  Command Center  
  84  19:25  Thor  
  84  19:27  Refinery  
  84  19:29  Refinery  
  90  20:06  Thor  
  90  20:07  Thor  
Show
View Real Time Build Order
Export as new Build Order

Blondinka Terran 

Build Orders:  

Get SALT Encoding   

  12  0:00  SCV  
  13  0:12  SCV  
  14  0:22  Supply Depot  
  14  0:24  SCV  
  15  0:41  Supply Depot  
  15  0:43  SCV  
  15  0:48  Barracks  
  16  0:56  SCV  
  17  1:03  Refinery  
  17  1:08  SCV  
  18  1:20  SCV  
  19  1:32  SCV  
  20  1:39  Marine  
  21  1:41  Refinery  
  21  1:44  SCV  
  22  1:51  Refinery  
  22  1:56  SCV, Marine  
  25  2:08  SCV  
  25  2:11  Factory  
  25  2:14  Marine  
  26  2:30  Command Center  
  26  2:31  SCV  
  27  2:43  SCV  
  28  2:45  Engineering Bay, Marine  
  29  2:55  SCV  
  29  2:56  Factory Tech Lab  
  30  3:00  Supply Depot  
  30  3:21  Starport  
  30  3:22  Siege Tank  
  33  3:32  Supply Depot  
  33  3:39  Marine, Supply Depot  
  34  3:48  Starport  
  34  4:03  Fusion Core, Orbital Command  
  34  4:07  SCV  
  35  4:38  SCV  
  36  4:51  SCV  
  37  4:57  Starport Tech Lab  
  37  4:59  Starport Tech Lab  
  37  5:03  Armory  
  37  5:09  SCV  
  37  5:11  Refinery  
  37  5:12  SCV  
  39  5:21  SCV  
  39  5:24  Siege Tank  
  39  5:27  Battlecruiser  
  49  5:33  SCV  
  50  5:35  SCV  
  51  5:45  SCV  
  51  5:48  SCV  
  53  5:51  Battlecruiser  
  59  6:05  Terran Ship Weapons Level 1  
  59  6:08  Orbital Command  
  59  6:09  Missile Turret  
  59  6:20  Siege Tank  
  59  6:24  Neosteel Armor  
  62  6:29  SCV  
  63  6:41  SCV  
  63  6:45  Command Center  
  64  6:49  SCV  
  64  6:53  SCV  
  66  7:01  Battlecruiser, SCV  
  73  7:07  Armory  
  73  7:36  SCV  
  74  7:40  Battlecruiser  
  80  7:49  SCV  
  81  7:55  Command Center  
  81  7:57  Terran Vehicle And Ship Armor Level 1  
  81  7:58  Orbital Command  
  81  8:01  SCV  
  81  8:04  Terran Ship Weapons Level 2  
  82  8:27  Hi-Sec Auto Tracking, Supply Depot, Refinery  
  82  8:30  Supply Depot  
  82  8:31  Battlecruiser  
  88  8:44  Weapon Refit  
  88  8:49  Supply Depot  
  88  9:07  Missile Turret  
  88  9:09  Planetary Fortress  
  88  9:26  Battlecruiser  
  88  9:28  Missile Turret  
  94  9:31  SCV  
  95  9:44  SCV  
  96  9:50  Missile Turret, Starport  
  96  9:56  SCV  
  97  10:04  Supply Depot  
  97  10:09  Refinery  
  97  10:11  Missile Turret  
  97  10:16  Missile Turret  
  97  10:23  Missile Turret  
  97  10:26  SCV  
  97  10:27  Supply Depot  
  98  10:35  Missile Turret  
  98  10:37  Starport, Battlecruiser  
  98  10:38  Starport Tech Lab, SCV  
  98  10:39  Battlecruiser  
  111  10:43  Missile Turret  
  111  10:50  Supply Depot, SCV  
  111  10:53  Terran Ship Weapons Level 3  
  111  10:55  Missile Turret  
  111  10:56  Terran Vehicle And Ship Armor Level 2  
  112  11:02  Missile Turret  
  112  11:03  SCV  
  113  11:15  SCV  
  113  11:17  Missile Turret  
  114  11:23  Missile Turret  
  114  11:26  Starport Tech Lab  
  114  11:27  SCV  
  114  11:28  Battlecruiser  
  121  11:36  Missile Turret  
  121  11:38  Starport  
  121  11:39  SCV, Sensor Tower x2  
  122  11:40  Missile Turret  
  122  11:51  SCV  
  123  12:04  Command Center  
  123  12:05  Battlecruiser  
  129  12:09  Battlecruiser  
  135  12:17  Missile Turret  
  135  12:25  Starport Tech Lab  
  135  12:40  Missile Turret  
  135  12:45  Battlecruiser  
  135  12:49  Battlecruiser  
  147  13:01  Missile Turret  
  147  13:19  Refinery  
  147  13:24  Command Center  
  141  13:58  Battlecruiser  
  141  14:00  Battlecruiser  
  141  14:02  Battlecruiser  
  159  14:04  Battlecruiser  
  159  17:39  Command Center  
  123  18:15  Battlecruiser  
  123  18:16  Battlecruiser  
  123  18:19  Battlecruiser  
  123  18:21  Battlecruiser  
  117  18:54  Refinery  
  87  19:19  Battlecruiser  
  87  19:20  Battlecruiser  
  87  19:24  Battlecruiser  
  105  19:25  Battlecruiser  
  105  19:28  Starport  
  111  19:31  Starport  
  111  19:32  Starport  
  111  19:35  Starport  
  123  20:28  Sensor Tower  
  129  20:36  Missile Turret  
Show
View Real Time Build Order
Export as new Build Order

Grin Protoss 

Build Orders: Carriers 

Get SALT Encoding   

  1  0:00  Probe  
  12  0:07  Probe  
  14  0:19  Pylon  
  14  0:23  Probe  
  15  0:37  Probe  
  15  0:39  Gateway  
  16  0:44  Assimilator  
  16  0:49  Assimilator  
  16  0:53  Probe  
  17  1:01  Probe  
  17  1:09  Probe  
  19  1:19  Probe  
  19  1:21  Pylon  
  20  1:31  Probe  
  21  1:33  Cybernetics Core  
  21  1:43  Probe  
  22  1:55  Probe  
  23  2:17  Stargate x2  
  23  2:28  Forge, Stalker  
  25  2:49  Nexus  
  25  3:00  Shield Battery  
  25  3:05  Pylon  
  25  3:19  Void Ray  
  33  3:35  Void Ray  
  33  3:42  Photon Cannon  
  33  3:50  Probe  
  34  3:57  Pylon  
  34  4:02  Probe  
  39  4:13  Probe  
  39  4:15  Void Ray  
  40  4:37  Photon Cannon  
  40  5:19  Shield Battery  
  40  5:20  Probe  
  40  5:21  Probe  
  50  5:24  Void Ray x2  
  50  5:33  Stargate, Probe x2, Assimilator  
  52  5:36  Assimilator  
  52  5:45  Probe x2  
  54  5:57  Probe, Pylon  
  55  6:05  Robotics Facility  
  55  6:10  Fleet Beacon  
  55  6:16  Probe  
  55  6:17  Probe  
  57  6:29  Probe  
  58  6:34  Protoss Air Weapons Level 1  
  58  6:47  Probe x2  
  63  6:48  Void Ray  
  64  6:55  Pylon  
  64  6:59  Probe x2  
  66  7:03  Observer  
  67  7:14  Probe  
  67  7:15  Probe  
  77  7:16  Pylon  
  77  7:19  Void Ray x2  
  77  7:20  Protoss Shields Level 1  
  77  7:26  Probe  
  78  7:33  Observer  
  78  7:34  Probe  
  80  7:54  Observer  
  85  8:01  Void Ray  
  85  8:07  Twilight Council  
  85  8:12  Observer  
  86  8:22  Nexus  
  86  8:28  Pylon  
  86  8:31  Pylon  
  86  8:35  Pylon  
  86  8:47  Cybernetics Core  
  94  8:51  Void Ray x2  
  94  8:54  Assimilator  
  94  8:58  Protoss Air Armor Level 1  
  94  8:59  Assimilator  
  94  9:02  Gateway x2  
  94  9:05  Gateway  
  94  9:08  Photon Cannon  
  94  9:12  Photon Cannon  
  94  9:16  Photon Cannon  
  102  9:42  Probe  
  102  9:43  Probe x2, Void Ray x2  
  105  9:54  Probe  
  106  10:07  Protoss Air Weapons Level 2  
  106  10:11  Probe  
  106  10:12  Probe  
  108  10:19  Probe  
  109  10:24  Probe  
  110  10:28  Photon Cannon  
  110  10:35  Probe x2  
  112  10:36  Probe  
  112  10:40  Pylon  
  113  10:47  Probe x2  
  113  10:49  Protoss Shields Level 2  
  123  10:53  Probe  
  123  10:54  Void Ray x2  
  124  11:00  Probe  
  129  11:04  Void Ray  
  129  11:12  Observer  
  130  11:30  Observer  
  131  11:48  Observer  
  131  11:49  Protoss Air Armor Level 2  
  131  11:50  Nexus  
  132  11:59  Stargate  
  132  12:00  Stargate  
  131  12:12  Pylon  
  131  12:15  Pylon  
  131  12:18  Pylon  
  131  12:31  Carrier  
  131  12:35  Pylon  
  131  12:36  Pylon, Void Ray  
  145  12:37  Pylon  
  145  12:39  Void Ray, Pylon  
  145  12:42  Photon Cannon  
  145  12:44  Photon Cannon  
  153  12:59  Void Ray x2  
  153  13:06  Stargate  
  153  13:09  Pylon  
  153  13:12  Pylon  
  153  13:14  Carrier, Pylon  
  153  13:16  Carrier  
  165  13:35  Flux Vanes  
  165  13:36  Phoenix x2, Probe  
  165  13:41  Void Ray  
  174  13:45  Probe  
  173  13:54  Probe  
  174  14:01  Phoenix x2  
  110  14:22  Void Ray  
  110  14:24  Void Ray x2  
  107  14:26  Void Ray  
  114  14:32  Void Ray x2  
  101  14:59  Carrier  
  104  15:01  Carrier x2  
  118  15:23  Void Ray  
  118  15:37  Probe  
  119  15:45  Probe  
  119  15:49  Protoss Air Armor Level 3  
  117  16:04  Carrier  
  123  16:14  Carrier  
  129  16:23  Observer  
  128  16:45  Tempest  
  143  17:30  Void Ray x3  
  151  18:13  Void Ray x2  
  148  19:16  Void Ray x2  
  130  19:51  Void Ray x2  
  130  19:52  Void Ray  
  142  20:32  Nexus  
  142  20:36  Assimilator  
  142  20:37  Assimilator  
  142  20:44  Nexus  
Tags
 
Add a new tag
Caveats
  • Supply blocks, unpowered buildings, or Contaminate may cause inaccurate times.
  • Supply counts are checked every 10 seconds.